 Dungeon Crawl Stone Soup version 0.32-a0-131-g9dbbe29261 (webtiles) character file.

Game seed: 15469355323084160290

6290 zeratav the Mimic (level 10, -3/102 HPs)
             Began as an Octopode Shapeshifter on Feb 8, 2024.
             Was an Initiate of Gozag.
             Slain by a rust devil (4 damage)
             ... on level 9 of the Dungeon.
             The game lasted 00:20:25 (11744 turns).

zeratav the Mimic (Octopode Shapeshifter)          Turns: 11744, Time: 00:20:26

Health: -3/102     AC: -26   Str: 17    XL:     10   Next: 94%
Magic:  10/10      EV:  2    Int: 14    God:    Gozag
Gold:   1027       SH:  5    Dex: 23    Spells: 9/9 levels left

rFire   . .          .
                       - Unarmed
rCold   + . .        (no shield)
rNeg    . . .        (helmet currently unavailable)
rPois   +            v - amulet of reflection
rElec   .            n - +6 ring of dexterity
rCorr   .            s - +5 ring of evasion
SInv    .            B - ring of protection from cold
Will    .....        F - +6 ring of dexterity
Stlth   ++           (no ring)
HPRegen 0.37/turn    (no ring)
MPRegen 0.12/turn    (no ring)
                     (no ring)

%: reflection
@: tree-form (expiring), silenced, corroded
A: stationary, stasis, torment immunity, boosted hp, almost no armour,
(amphibious), 8 rings, (camouflage 1), (gelatinous body 1), (nimble swimmer 1),
(tentacles)
a: Renounce Religion


You were on level 9 of the Dungeon.
You worshipped Gozag.
Gozag was most pleased with you.
You were a tree.
You visited 1 branch of the dungeon, and saw 9 of its levels.
You also visited: Sewer.

You collected 1169 gold pieces.
You paid 142 gold pieces to Gozag.


Innate Abilities, Weirdness & Mutations

You are a tree.
Your roots penetrate the ground, keeping you stationary.
You cannot be teleported.
You are immune to unholy pain and torment.
Your maximum health is greatly increased.
You cannot wear most types of armour.
((You are amphibious.))
You can wear up to eight rings at the same time.
((Your skin changes colour to match your surroundings (Stealth+).))
((Your rubbery body absorbs attacks. (AC +1, EV +1)))
((You are camouflaged when in or above water. (Stealth+)))
((You have tentacles for arms and can constrict up to eight enemies at once.))


   Skills:
 + Level 6.0 Fighting
 - Level 6.0 Throwing
 + Level 6.9 Dodging
 - Level 5.0 Stealth
 - Level 6.0 Unarmed Combat
 - Level 10.0 Shapeshifting


You had 9 spell levels left.
You didn't know any spells.
Your spell library contained the following spells:

 Spells                   Type           Power      Damage    Failure   Level
 Freeze                   Ice            0%         1d3       28%         1
 Scorch                   Fire           0%         2d5       41%         2
 Call Canine Familiar     Summ           0%         N/A       65%         3
 Frozen Ramparts          Ice            0%         1d1       65%         3
 Hailstorm                Conj/Ice       0%         3d5       65%         3
 Sigil of Binding         Hex            0%         N/A       65%         3
 Dimensional Bullseye     Hex/Tloc       0%         N/A       96%         4
 Flame Wave               Conj/Fire      0%         2d4       96%         4
 Leda's Liquefaction      Alch/Erth      0%         N/A       96%         4
 Petrify                  Alch/Erth      0%         N/A       96%         4
 Metabolic Englaciation   Hex/Ice        0%         N/A       100%        5
 Summon Cactus Giant      Summ           0%         N/A       100%        6

Inventory:

Missiles
 A - 27 poisoned darts (quivered) {throwing}
Jewellery
 e - an amulet of the acrobat
   (You found it on level 1 of the Dungeon)
 n - a +6 ring of dexterity (left branch)
   (You found it on level 2 of the Dungeon)
 s - a +5 ring of evasion (right branch)
   (You found it on level 3 of the Dungeon)
 v - an amulet of reflection (around neck)
   (You found it on level 8 of the Dungeon)
 B - a ring of protection from cold (on tentacle)
   (You found it on level 7 of the Dungeon)
 E - an amulet of faith {!P}
   (You found it on level 8 of the Dungeon)
 F - a +6 ring of dexterity (on tentacle)
   (You found it on level 8 of the Dungeon)
Talismans
 b - a beast talisman
 c - a flux talisman
Wands
 y - a wand of charming (11)
   (You took it off Ijyb on level 5 of the Dungeon)
 C - a wand of light (9)
   (You found it on level 8 of the Dungeon)
Scrolls
 g - a scroll of fear
 i - 4 scrolls of vulnerability {!r!r}
 k - 2 scrolls of enchant armour
 l - a scroll of amnesia {unknown}
 m - 2 scrolls of enchant weapon
 o - 2 scrolls of fog
 p - a scroll of noise {unknown}
 t - a scroll of revelation {unknown}
 x - 2 scrolls of blinking {unknown}
 D - a scroll of poison {!r}
Potions
 a - a potion of lignification {!q}
 h - 2 potions of degeneration {unknown}
 q - 2 potions of attraction {unknown}
 r - 5 potions of enlightenment
 u - 2 potions of brilliance {unknown}
 z - a potion of cancellation {unknown}

Dungeon Overview and Level Annotations

Branches:
Dungeon (9/15) Zot: 26672  Temple (0/1) D:7           Sewer (visited)
   Lair: D:8-11         Orc: D:9-12

Altars:
Dithmenos
Fedhas
Gozag
Makhleb
Sif Muna
Trog
Xom
Zin

Annotations:
D:3 exclusion: downstairs
D:5 Prince Ribbit
D:7 Maurice
D:9 exclusion: 2 rust devils

#....# ≈.≈≈≈#....
#..≈≈ ...§≈.###..
#...#.$3.?..4(.≈..
#..###.§.....###..
#...≈#.§≈... #....
#...§≈#..4..##≈...
#§§)..###.###.....
#§4§...≈.##≈.)....
#♣4§....#≈#......#
#§§..............#
####'............#
#.##........#..
#.##........#..
#.###.#######..
#.###.# #..
#.#.).# #.#
####.#.### #.#


You could see 2 rust devils.


Message History

You take 4 damage, and now have 76/102 hp.
You hit the rust devil but do no damage.
The rust devil hits you! The rust devil corrodes you!
HP[-6]
You take 6 damage, and now have 70/102 hp.
You smack the rust devil!
You hear a screech!
You barely miss the rust devil. The rust devil hits you.
The rust devil corrodes you!
HP[-2]
You take 2 damage, and now have 68/102 hp.
You hit the rust devil but do no damage.
You punch the rust devil, but do no damage.
You block the rust devil's attack.
HP[+1]
You hit the rust devil but do no damage.
The rust devil hits you. The rust devil corrodes you!
HP[-2]
You take 2 damage, and now have 67/102 hp.
You hit the rust devil. The rust devil hits you. The rust devil corrodes you!
The rust devil hits you. The rust devil corrodes you!
HP[-3]
You take 3 damage, and now have 64/102 hp.
You closely miss the rust devil. The rust devil hits you!
The rust devil corrodes you! The rust devil hits you!
* * * LOW HITPOINT WARNING * * *
The rust devil corrodes you!
HP[-18]
You take 18 damage, and now have 46/102 hp.
You smack the rust devil!
The rust devil hits you!
* * * LOW HITPOINT WARNING * * *
The rust devil corrodes you! The rust devil hits you.
The rust devil corrodes you!
HP[-10]
You take 10 damage, and now have 36/102 hp.
You hit the rust devil but do no damage.
The rust devil hits you!
* * * LOW HITPOINT WARNING * * *
The rust devil corrodes you! The rust devil completely misses you.
HP[-9]
You take 9 damage, and now have 27/102 hp.
You feel much better. You block the rust devil's attack.
The rust devil hits you!
* * * LOW HITPOINT WARNING * * *
The rust devil corrodes you!
HP[+6]
You regained 6 hp, and now have 33/102 hp.
You hit the rust devil but do no damage.
The rust devil hits you!
* * * LOW HITPOINT WARNING * * *
The rust devil corrodes you! The rust devil hits you!
* * * LOW HITPOINT WARNING * * *
The rust devil corrodes you!
HP[-19]
You take 19 damage, and now have 14/102 hp.
You feel much better. You block the rust devil's attack.
The rust devil hits you.
* * * LOW HITPOINT WARNING * * *
The rust devil corrodes you!
HP[+10]
You regained 10 hp, and now have 24/102 hp.
You barely miss the rust devil. The rust devil hits you!
* * * LOW HITPOINT WARNING * * *
The rust devil corrodes you!
HP[-6]
You take 6 damage, and now have 18/102 hp.
You hit the rust devil but do no damage.
Your transformation is almost over.
The rust devil hits you.
* * * LOW HITPOINT WARNING * * *
The rust devil corrodes you! The rust devil completely misses you.
HP[-6]
You take 6 damage, and now have 12/102 hp.
Okay, then.
As you read the scroll labelled CIPSIMIOTE, it crumbles to dust.
A profound silence engulfs you.
It was a scroll of silence.
The rust devil hits you.
* * * LOW HITPOINT WARNING * * *
The rust devil corrodes you! The rust devil hits you.
* * * LOW HITPOINT WARNING * * *
The rust devil corrodes you!
HP[-8]
You take 8 damage, and now have 4/102 hp.
You feel better. You block the rust devil's attack. The rust devil hits you!
* * * LOW HITPOINT WARNING * * *
The rust devil corrodes you!
HP[+2]
You regained 2 hp, and now have 6/102 hp.
Okay, then.
Magic scrolls do not work when you're silenced!
You feel better. The rust devil hits you!
* * * LOW HITPOINT WARNING * * *
The rust devil corrodes you! You block the rust devil's attack.
HP[-1]
You take 1 damage, and now have 5/102 hp.
You feel better. The rust devil hits you!
* * * LOW HITPOINT WARNING * * *
The rust devil corrodes you! The rust devil hits you.
You die...
Your body crumbles into a pile of gold.

Skill      XL: |  1  2  3  4  5  6  7  8  9 10 |
---------------+-------------------------------+-----
Stealth        | 2 3 5 |  5.0
Fighting       | 3 4 5 6 |  6.0
Shapeshifting  | 4 6 9 10 | 10.0
Throwing       | 4 6 |  6.0
Unarmed Combat | 5 6 |  6.0
Dodging        | 6 |  6.9

Action                     |  1- 3 |  4- 6 |  7- 9 | 10-12 || total
---------------------------+-------+-------+-------+-------++-------
  Melee: Unarmed           |    65 |   124 |   244 |   132 ||   565
         Constrict         |    18 |    35 |    61 |    27 ||   141
         Tentacles         |    14 |    26 |    69 |    44 ||   153
         Punch             |     2 |     9 |    26 |    20 ||    57
  Throw: Dart              |       |       |     4 |    47 ||    51
    Use: Scroll            |       |     4 |     1 |     4 ||     9
         Potion            |       |       |     5 |     6 ||    11
   Stab: Sleeping          |    10 |    19 |    11 |       ||    40
         Distracted        |       |       |     2 |       ||     2
 Armour: Skin              |    15 |    46 |   110 |    73 ||   244
  Dodge: Dodged            |    43 |    80 |   219 |   106 ||   448
  Block: Other             |       |       |       |    13 ||    13

Levels and vault maps discovered:
D:1:      dpeg_arrival_orchard, layout_loops_ring, st_stairs_4
D:2:      wad_pebble_path, layout_basic
D:3:      layout_loops_corners, amcnicky_mini_corridor_feature, uniq_sigmund
D:4:      layout_layer_cave, zin_scriptorium, uniq_pikel
D:5:      layout_layer_cave, xom_redecorated, fedhas_altar_2,
          chequers_hall_statues_wall_a, uniq_ijyb, uniq_eustachio,
          uniq_prince_ribbit1
D:6:      layout_loops_ring, jmf_multi_god_temple, gup_sewer_entry_spiral
D:7:      layout_basic, mainiacjoe_overflow_concentric_impassable, temple_green,
          uniq_maurice
D:8:      layout_basic, mainiacjoe_overflow_tiny_flanked, uniq_joseph
D:9:      gammafunk_sealed_arena, layout_basic, hellmonk_sif_muna_bookshelves,
          grunt_qazlal_clouds, nicolae_where_there's_smoke, uniq_psyche

Notes
Turn   | Place    | Note
-------+----------+-------------------------------------------
     0 | D:1      | zeratav the Octopode Shapeshifter began the quest for the
                  | Orb.
     0 | D:1      | Reached XP level 1. HP: 13/13 MP: 1/1
     0 | D:1      | magus.rc [v1.9.6]
    44 | D:1      | Reached skill level 1 in Stealth
    99 | D:1      | Reached skill level 2 in Stealth
   157 | D:1      | Reached XP level 2. HP: 18/18 MP: 2/2
   285 | D:1      | Reached skill level 3 in Stealth
   476 | D:1      | Reached XP level 3. HP: 23/23 MP: 3/3
   724 | D:2      | Reached skill level 4 in Stealth
   974 | D:2      | Reached skill level 5 in Stealth
   974 | D:2      | Reached XP level 4. HP: 28/28 MP: 4/4
  1094 | D:2      | Reached skill level 2 in Fighting
  1252 | D:2      | You pick up a book of Scorching and begin reading...
  1252 | D:2      | You add the spells Scorch, Flame Wave and Summon Cactus
                  | Giant to your library.
  1711 | D:3      | Noticed Sigmund
  1912 | D:3      | Reached skill level 3 in Fighting
  1912 | D:3      | Reached XP level 5. HP: 29/36 MP: 5/5
  2635 | D:4      | Noticed a black bear
  2762 | D:4      | Reached skill level 4 in Fighting
  2814 | D:4      | Noticed a lemure
  2814 | D:4      | Noticed a lemure
  2840 | D:4      | Found a glowing silver altar of Zin.
  2936 | D:4      | Noticed a lemure
  2938 | D:4      | Noticed Pikel
  2991 | D:4      | Reached XP level 6. HP: 37/44 MP: 6/6
  3088 | D:4      | You fall into a shaft and drop 2 floors!
  3208 | D:6      | Found a glowing drain.
  3212 | Sewer    | Entered a sewer
  3301 | Sewer    | Reached skill level 5 in Fighting
  3315 | Sewer    | Reached skill level 4 in Shapeshifting
  3560 | Sewer    | Found a glowing silver altar of Zin.
  3751 | D:6      | Reached XP level 7. HP: 46/50 MP: 7/7
  3816 | D:6      | HP: 12/50 [poisoned by a water moccasin]
  3817 | D:6      | Reached skill level 5 in Shapeshifting
  3977 | D:6      | Found a shadowy altar of Dithmenos.
  3977 | D:6      | Found a burning altar of Makhleb.
  4082 | D:6      | Reached skill level 6 in Shapeshifting
  4257 | D:6      | You pick up a book of Sloth and begin reading...
  4257 | D:6      | You add the spells Frozen Ramparts, Leda's Liquefaction,
                  | Petrify and Metabolic Englaciation to your library.
  4399 | D:6      | Reached XP level 8. HP: 55/55 MP: 8/8
  4638 | D:5      | Entered Level 5 of the Dungeon
  4696 | D:5      | Identified the +2 arbalest "Dragonbane" {flame, rF- rC+
                  | Dex+4}
  4969 | D:5      | Reached skill level 7 in Shapeshifting
  4984 | D:5      | Found a blossoming altar of Fedhas.
  5010 | D:5      | Noticed Eustachio
  5034 | D:5      | Killed Eustachio
  5035 | D:5      | Noticed Ijyb
  5293 | D:5      | You pick up a book of the Hunter and begin reading...
  5293 | D:5      | You add the spells Sigil of Binding, Call Canine Familiar
                  | and Dimensional Bullseye to your library.
  5464 | D:5      | Noticed Prince Ribbit
  5496 | D:5      | Reached skill level 8 in Shapeshifting
  5881 | D:5      | Found a shimmering altar of Xom.
  5882 | D:5      | Found a shimmering altar of Xom.
  6081 | D:4      | Killed Pikel
  6082 | D:4      | Reached skill level 9 in Shapeshifting
  6082 | D:4      | Reached XP level 9. HP: 30/61 MP: 9/9
  7104 | D:3      | Killed Sigmund
  7105 | D:3      | Reached skill level 10 in Shapeshifting
  7188 | D:4      | Identified the +0 robe "Gaucloma" {rN+}
  7304 | D:5      | Killed Ijyb
  7862 | D:7      | Found an opulent altar of Gozag.
  7876 | D:7      | Became a worshipper of Gozag Ym Sagoz the Greedy
  7883 | D:7      | Reached skill level 1 in Throwing
  7923 | D:7      | Reached skill level 4 in Unarmed Combat
  8001 | D:7      | Reached skill level 2 in Throwing
  8228 | D:7      | You pick up a book of Frost and begin reading...
  8228 | D:7      | You add the spells Freeze and Hailstorm to your library.
  8380 | D:7      | Reached skill level 3 in Throwing
  8393 | D:7      | HP: 14/61 [poisoned by an orc wizard]
  8569 | D:7      | Reached skill level 5 in Unarmed Combat
  8864 | D:7      | Noticed Maurice
  8891 | D:7      | Found a staircase to the Ecumenical Temple.
  8953 | D:7      | Reached skill level 4 in Throwing
  8953 | D:7      | Reached XP level 10. HP: 66/66 MP: 10/10
  9812 | D:8      | Reached skill level 5 in Throwing
  9812 | D:8      | Reached skill level 6 in Unarmed Combat
  9931 | D:8      | Reached skill level 6 in Throwing
  9931 | D:8      | Reached skill level 3 in Dodging
 10472 | D:8      | Reached skill level 4 in Dodging
 10768 | D:8      | Found a bloodstained altar of Trog.
 10952 | D:8      | Noticed Joseph
 11127 | D:8      | HP: 9/66 [Joseph/sling bullet (12)]
 11132 | D:8      | Killed Joseph
 11133 | D:8      | Reached skill level 5 in Dodging
 11417 | D:9      | Noticed a two-headed ogre
 11425 | D:9      | Killed a two-headed ogre
 11426 | D:9      | Reached skill level 6 in Dodging
 11586 | D:9      | Noticed a rust devil
 11587 | D:9      | Noticed a smoke demon
 11594 | D:9      | Noticed a rust devil
 11601 | D:9      | Found a shimmering blue altar of Sif Muna.
 11723 | D:9      | Reached skill level 6 in Fighting
 11737 | D:9      | HP: 23/102 [rust devil (10)]
 11741 | D:9      | HP: 9/102 [rust devil (3)]
 11741 | D:9      | HP: 4/102 [rust devil (5)]
 11744 | D:9      | HP: 1/102 [rust devil (10)]
 11744 | D:9      | Slain by a rust devil

Vanquished Creatures
  A two-headed ogre (D:9)
  Pikel (D:4)
  Joseph (D:8)
  A red devil (D:9)
  Sigmund (D:3)
  5 yaks
  Eustachio (D:5)
  3 water moccasins
  An acid dragon (D:8)
  3 orc warriors
  A black bear (D:4)
  3 centaurs
  A phantom (D:5)
  2 lemures (D:4)
  5 kobold brigands
  A brain worm (D:5)
  3 bullfrogs
  2 scorpions
  10 wights
  3 killer bees (D:9)
  2 bombardier beetles
  6 orc priests
  7 jellies
  6 hounds
  A gnoll bouda (D:8)
  Ijyb (D:5)
  4 iguanas (D:6)
  5 orc wizards
  A sleepcap (D:5)
  6 adders
  7 gnolls
  A river rat (D:6)
  A shadow imp (D:7)
  A white imp (D:5)
  2 dart slugs
  4 ribbon worms
  21 orcs
  7 bats
  10 endoplasms
  2 giant cockroaches (D:2)
  10 goblins
  7 hobgoblins
  3 jackals (Sewer)
  31 kobolds
  9 quokkas
  7 ball pythons
  3 frilled lizards
  12 rats
226 creatures vanquished.

Vanquished Creatures (others)
  An orc wizard (D:7)
1 creature vanquished.

Grand Total: 227 creatures vanquished

Table legend:
 A = Non-vault XP
 B = Vault XP
 C = Vault XP percentage of total XP
 D = Non-vault monster count
 E = Vault monster count
 F = Vault count percentage of total count
                 A         B        C        D         E       F
            +---------+---------+-------+---------+---------+-------
      Total |    6597 |    2390 |  26.6 |     194 |      31 |  13.8
            +---------+---------+-------+---------+---------+-------
        D:1 |      35 |       3 |   7.9 |      20 |       2 |   9.1
        D:2 |      78 |       0 |   0.0 |      29 |       0 |   0.0
        D:3 |      92 |     231 |  71.5 |      15 |       1 |   6.2
        D:4 |     298 |     663 |  69.0 |      15 |       1 |   6.2
        D:5 |     512 |     323 |  38.7 |      14 |       3 |  17.6
        D:6 |     559 |     190 |  25.4 |      11 |       7 |  38.9
        D:7 |    1697 |       0 |   0.0 |      50 |       0 |   0.0
        D:8 |    1786 |     439 |  19.7 |      28 |       1 |   3.4
        D:9 |    1540 |     328 |  17.6 |      12 |       1 |   7.7
      Sewer |       0 |     213 | 100.0 |       0 |      15 | 100.0
            +---------+---------+-------+---------+---------+-------

Skill      XL: |  1  2  3  4  5  6  7  8  9 10 |
---------------+-------------------------------+-----
Stealth        | 2 3 5 |  5.0
Fighting       | 3 4 5 6 |  6.0
Shapeshifting  | 4 6 9 10 | 10.0
Throwing       | 4 6 |  6.0
Unarmed Combat | 5 6 |  6.0
Dodging        | 6 |  6.9

Action                     |  1- 3 |  4- 6 |  7- 9 | 10-12 || total
---------------------------+-------+-------+-------+-------++-------
  Melee: Unarmed           |    65 |   124 |   244 |   132 ||   565
         Constrict         |    18 |    35 |    61 |    27 ||   141
         Tentacles         |    14 |    26 |    69 |    44 ||   153
         Punch             |     2 |     9 |    26 |    20 ||    57
  Throw: Dart              |       |       |     4 |    47 ||    51
    Use: Scroll            |       |     4 |     1 |     4 ||     9
         Potion            |       |       |     5 |     6 ||    11
   Stab: Sleeping          |    10 |    19 |    11 |       ||    40
         Distracted        |       |       |     2 |       ||     2
 Armour: Skin              |    15 |    46 |   110 |    73 ||   244
  Dodge: Dodged            |    43 |    80 |   219 |   106 ||   448
  Block: Other             |       |       |       |    13 ||    13

Illustrated notes

Table legend:
 A = Kills in this place as a percentage of kills in the entire game.
 B = Kills by you in this place as a percentage of kills by you in the entire game.
 C = Kills by friends in this place as a percentage of kills by friends in the entire game.
 D = Other kills in this place as a percentage of other kills in the entire game.
 E = Experience gained in this place as a percentage of experience gained in the entire game.
 F = Experience gained in this place divided by the number of levels of this place that you have seen.
                   A       B       C       D       E      F
               +-------+-------+-------+-------+-------+----------------------
         Total | 100.0 | 100.0 |   N/A | 100.0 | 100.0 | 898.7
       Dungeon |  93.3 |  93.3 |   N/A | 100.0 |  97.6 | 974.9
         Sewer |   6.7 |   6.7 |   N/A |   0.0 |   2.4 | 213.0
               +-------+-------+-------+-------+-------+----------------------

Table legend: (Time is in decaauts)
 A = Elapsed time spent in this place.
 B = Non-inter-level travel time spent in this place.
 C = Inter-level travel time spent in this place.
 D = Time resting spent in this place.
 E = Time spent auto-exploring this place.
 F = Levels seen in this place.
 G = Mean time per level.
                   A        B        C        D        E       F      G
               +--------+--------+--------+--------+--------+-----+--------+
         Total |  11698 |  10927 |    771 |   1941 |   6911 |  10 | 1169.8 |
       Dungeon |  11248 |  10477 |    771 |   1841 |   6775 |   9 | 1249.8 |
         Sewer |    450 |    450 |      0 |    100 |    136 |   1 |  450.0 |
               +--------+--------+--------+--------+--------+-----+--------+

Top non-repeatable levels by time:
     D:7: 1984 daAuts
     D:4: 1713 daAuts
     D:5: 1692 daAuts
     D:8: 1614 daAuts
     D:6: 1229 daAuts
     D:3: 1122 daAuts
     D:2: 847 daAuts
     D:1: 718 daAuts
   Sewer: 450 daAuts
     D:9: 326 daAuts
